General information
- name: BNet
- type: Ladder team game (AT/RT)
- host: Battle.net
- saver: KODOS_FORSAKEN
map: GolemsInTheMist
- players: 8
- length: 13:35
- speed: Fast
- version: 1.23 W3XP
- replay type: Public
» download(142 KB)
Players
team 1 (winner)
418 (
yellow | 116 APM | 1574 actions | 13:34)
3 Keeper of the Grove
2 Entangling Roots
1 Force of Nature
» actions
| Assign group hotkey | 29 | |
| Basic commands | 73 | |
| Build / train | 54 | |
| ESC pressed | 1 | |
| Enter build submenu | 15 | |
| Enter hero's abilities submenu | 3 | |
| Right click | 748 | |
| Select / deselect | 188 | |
| Select group hotkey | 428 | |
| Use ability | 35 | |
1574 total
» units
| Wisp | 25 | |
| Huntress | 13 | |
| Faerie Dragon | 2 | |
40 total
» upgrades
» buildings
| Altar of Elders | 1 | |
| Moon Well | 5 | |
| Hunter's Hall | 1 | |
| Ancient of War | 2 | |
| Tree of Life | 2 | |
| Tree of Ages | 2 | |
| Ancient of Wonders | 2 | |
| Ancient of Wind | 2 | |
17 total
» build order
00:05 Altar of Elders
00:18 Moon Well
01:47 Hunter's Hall
01:52 Ancient of War
02:12 Ancient of War
02:25 Moon Well
03:18 Moon Well
05:13 Tree of Life
06:24 Tree of Ages
06:24 Tree of Ages
08:42 Moon Well
09:25 Tree of Life
11:41 Ancient of Wonders
11:43 Ancient of Wonders
12:11 Ancient of Wind
12:18 Ancient of Wind
13:25 Moon Well
» items
| Scroll of Town Portal | 1 | |
| Scroll of Healing | 1 | |
2 total

»
KODOS_FORSAKEN (
teal | 126 APM | 1717 actions | 13:35)
5 Mountain King
3 Storm Bolt
2 Bash
2 Paladin
1 Holy Light
1 Devotion Aura
» actions
| Assign group hotkey | 227 | |
| Basic commands | 15 | |
| Build / train | 63 | |
| Enter build submenu | 23 | |
| Enter hero's abilities submenu | 7 | |
| Give item / drop item | 1 | |
| Right click | 724 | |
| Select / deselect | 239 | |
| Select group hotkey | 361 | |
| Use ability | 57 | |
1717 total
» units
| Peasant | 14 | |
| Footman | 6 | |
| Rifleman | 7 | |
| Priest | 3 | |
30 total
» upgrades
| Gunpowder | 2 | |
| Masonry | 1 | |
| Armor | 1 | |
| Priest Training | 1 | |
| Lumber Harvesting | 1 | |
6 total
» buildings
| Altar of Kings | 1 | |
| Barracks | 1 | |
| Farm | 7 | |
| Scout Tower | 8 | |
| Arcane Vault | 1 | |
| Arcane Tower | 1 | |
| Blacksmith | 1 | |
| Keep | 1 | |
| Lumber Mill | 1 | |
| Guard Tower | 5 | |
| Arcane Sanctum | 1 | |
| Town Hall | 1 | |
29 total
» build order
00:08 Altar of Kings
00:22 Barracks
00:38 Farm
01:07 Farm
01:51 Farm
02:14 Scout Tower
02:33 Arcane Vault
03:01 Arcane Tower
03:25 Farm
03:53 Blacksmith
04:19 Farm
04:52 Keep
05:07 Farm
05:14 Scout Tower
05:17 Lumber Mill
06:16 Guard Tower
06:38 Farm
08:59 Arcane Sanctum
09:41 Scout Tower
09:42 Scout Tower
09:44 Scout Tower
11:09 Town Hall
11:29 Scout Tower
11:31 Scout Tower
12:03 Guard Tower
12:17 Scout Tower
12:39 Guard Tower
13:07 Guard Tower
13:33 Guard Tower
» items
| Scroll of Regeneration | 3 | |
| Lesser Clarity Potion | 2 | |
5 total
MUGARO (
green | 89 APM | 1212 actions | 13:34)
5 Death Knight
3 Death Coil
2 Unholy Aura
3 Lich
2 Frost Nova
1 Frost Armor
2 Crypt Lord
1 Impale
1 Spiked Carapace
» actions
| Assign group hotkey | 16 | |
| Basic commands | 27 | |
| Build / train | 42 | |
| Enter build submenu | 13 | |
| Enter hero's abilities submenu | 10 | |
| Give item / drop item | 2 | |
| Right click | 653 | |
| Select / deselect | 233 | |
| Select group hotkey | 161 | |
| Use ability | 55 | |
1212 total
» units
| Acolyte | 2 | |
| Ghoul | 1 | |
| Crypt Fiend | 9 | |
| Frost Wyrm | 3 | |
15 total
» upgrades
| Creature Attack | 2 | |
| Burrow | 1 | |
| Creature Carapace | 1 | |
| Web | 1 | |
| Freezing Breath | 1 | |
6 total
» buildings
| Graveyard | 1 | |
| Crypt | 1 | |
| Altar of Darkness | 1 | |
| Ziggurat | 6 | |
| Tomb of Relics | 1 | |
| Halls of the Dead | 1 | |
| Nerubian Tower | 1 | |
| Spirit Tower | 1 | |
| Black Citadel | 1 | |
| Sacrificial Pit | 1 | |
| Boneyard | 2 | |
17 total
» build order
00:06 Graveyard
00:11 Crypt
00:21 Altar of Darkness
00:38 Ziggurat
00:48 Tomb of Relics
02:00 Ziggurat
03:24 Halls of the Dead
04:04 Ziggurat
04:21 Nerubian Tower
04:30 Spirit Tower
06:04 Ziggurat
06:41 Black Citadel
07:39 Sacrificial Pit
09:16 Boneyard
09:17 Boneyard
09:18 Ziggurat
11:20 Ziggurat
» items
| Rod of Necromancy | 1 | |
| Dust of Appearance | 1 | |
| Scroll of Town Portal | 1 | |
| Orb of Corruption | 1 | |
4 total

»
WELLDONECOMRADE (
blue | 109 APM | 1482 actions | 13:34)
3 Priestess of the Moon
2 Trueshot Aura
1 Scout
» actions
| Assign group hotkey | 16 | |
| Basic commands | 80 | |
| Build / train | 34 | |
| ESC pressed | 1 | |
| Enter build submenu | 17 | |
| Enter hero's abilities submenu | 3 | |
| Right click | 839 | |
| Select / deselect | 186 | |
| Select group hotkey | 258 | |
| Use ability | 48 | |
1482 total
» units
» upgrades
| Strength of the Moon | 1 | |
| Moon Armor | 1 | |
| Ultravision | 1 | |
3 total
» buildings
| Altar of Elders | 1 | |
| Moon Well | 6 | |
| Hunter's Hall | 1 | |
| Ancient of War | 2 | |
| Tree of Life | 1 | |
| Tree of Ages | 1 | |
| Ancient of Wind | 1 | |
| Tree of Eternity | 1 | |
14 total
» build order
00:08 Altar of Elders
00:18 Moon Well
01:38 Hunter's Hall
01:48 Ancient of War
02:13 Ancient of War
02:21 Moon Well
03:38 Moon Well
05:31 Moon Well
06:16 Tree of Life
08:20 Tree of Ages
11:11 Ancient of Wind
11:29 Tree of Eternity
12:46 Moon Well
12:49 Moon Well
team 2 (loser)
Benrus (
purple | 52 APM | 703 actions | 13:33)
2 Death Knight
1 Death Coil
1 Unholy Aura
» actions
| Assign group hotkey | 24 | |
| Basic commands | 98 | |
| Build / train | 32 | |
| Enter build submenu | 15 | |
| Enter hero's abilities submenu | 2 | |
| Right click | 286 | |
| Select / deselect | 128 | |
| Select group hotkey | 93 | |
| Use ability | 25 | |
703 total
» units
| Acolyte | 5 | |
| Ghoul | 4 | |
| Crypt Fiend | 9 | |
| Frost Wyrm | 3 | |
21 total
» upgrades
» buildings
| Altar of Darkness | 1 | |
| Ziggurat | 5 | |
| Crypt | 1 | |
| Graveyard | 1 | |
| Tomb of Relics | 1 | |
| Nerubian Tower | 1 | |
| Halls of the Dead | 2 | |
| Black Citadel | 1 | |
| Sacrificial Pit | 1 | |
| Spirit Tower | 1 | |
| Boneyard | 2 | |
17 total
» build order
00:13 Altar of Darkness
00:14 Ziggurat
00:37 Crypt
01:13 Graveyard
01:22 Ziggurat
02:18 Tomb of Relics
03:52 Ziggurat
04:00 Nerubian Tower
04:50 Halls of the Dead
04:50 Halls of the Dead
07:28 Black Citadel
07:31 Ziggurat
07:54 Ziggurat
07:57 Sacrificial Pit
09:16 Spirit Tower
10:14 Boneyard
10:46 Boneyard
» items
| Rod of Necromancy | 1 | |
| Healing Salve | 1 | |
2 total
HoneyBlunt (
orange | 102 APM | 1373 actions | 13:28)
4 Tauren Chieftain
1 War Stomp
3 Endurance Aura
» actions
| Assign group hotkey | 18 | |
| Basic commands | 60 | |
| Build / train | 47 | |
| ESC pressed | 2 | |
| Enter build submenu | 15 | |
| Enter hero's abilities submenu | 4 | |
| Give item / drop item | 1 | |
| Right click | 787 | |
| Select / deselect | 229 | |
| Select group hotkey | 172 | |
| Use ability | 38 | |
1373 total
» units
| Peon | 8 | |
| Grunt | 14 | |
| Spirit Walker | 3 | |
| Kodo Beast | 1 | |
| Troll Batrider | 3 | |
29 total
» upgrades
| Armor | 2 | |
| Berserker Strength | 1 | |
| Melee Weapons | 2 | |
| Reinforced Defenses | 1 | |
6 total
» buildings
| Altar of Storms | 1 | |
| Orc Burrow | 4 | |
| Barracks | 1 | |
| War Mill | 1 | |
| Voodoo Lounge | 1 | |
| Watch Tower | 4 | |
| Stronghold | 5 | |
| Spirit Lodge | 1 | |
| Fortress | 1 | |
| Beastiary | 1 | |
20 total
» build order
00:19 Altar of Storms
00:34 Orc Burrow
01:10 Barracks
01:44 Orc Burrow
02:05 War Mill
02:15 Voodoo Lounge
03:21 Watch Tower
03:53 Watch Tower
04:32 Orc Burrow
04:35 Watch Tower
05:34 Stronghold
05:34 Stronghold
05:34 Stronghold
08:41 Spirit Lodge
08:45 Watch Tower
09:21 Orc Burrow
10:53 Fortress
10:56 Beastiary
» items
HYPNOTIQ_ (
red | 61 APM | 823 actions | 13:31)
3 Death Knight
2 Death Coil
1 Unholy Aura
1 Lich
1 Frost Nova
» actions
| Assign group hotkey | 12 | |
| Basic commands | 119 | |
| Build / train | 39 | |
| Enter build submenu | 9 | |
| Enter hero's abilities submenu | 4 | |
| Remove unit from queue | 1 | |
| Right click | 322 | |
| Select / deselect | 233 | |
| Select group hotkey | 36 | |
| Use ability | 48 | |
823 total
» units
| Acolyte | 2 | |
| Ghoul | 2 | |
| Crypt Fiend | 10 | |
| Frost Wyrm | 1 | |
15 total
» upgrades
| Creature Attack | 1 | |
| Burrow | 1 | |
| Creature Carapace | 1 | |
3 total
» buildings
| Graveyard | 1 | |
| Crypt | 1 | |
| Altar of Darkness | 1 | |
| Ziggurat | 3 | |
| Tomb of Relics | 1 | |
| Nerubian Tower | 2 | |
| Halls of the Dead | 1 | |
| Black Citadel | 1 | |
| Sacrificial Pit | 1 | |
| Spirit Tower | 1 | |
| Boneyard | 1 | |
14 total
» build order
00:12 Graveyard
00:27 Crypt
00:41 Altar of Darkness
00:52 Ziggurat
01:07 Tomb of Relics
01:44 Nerubian Tower
02:11 Ziggurat
03:50 Ziggurat
04:19 Halls of the Dead
07:43 Black Citadel
09:07 Sacrificial Pit
09:31 Spirit Tower
09:33 Nerubian Tower
11:18 Boneyard
» items
| Rod of Necromancy | 5 | |
| Dust of Appearance | 1 | |
| Scroll of Town Portal | 2 | |
| Potion of Healing | 1 | |
9 total
ScorpionGT500 (
pink | 66 APM | 896 actions | 13:30)
2 Keeper of the Grove
1 Entangling Roots
1 Thorns Aura
» actions
| Basic commands | 107 | |
| Build / train | 36 | |
| ESC pressed | 2 | |
| Enter build submenu | 15 | |
| Enter hero's abilities submenu | 2 | |
| Remove unit from queue | 1 | |
| Right click | 442 | |
| Select / deselect | 258 | |
| Use ability | 33 | |
896 total
» units
| Wisp | 11 | |
| Huntress | 8 | |
| Druid of the Talon | 4 | |
| Dryad | 4 | |
27 total
» upgrades
| Abolish Magic | 1 | |
| Moon Armor | 1 | |
| Strength of the Moon | 1 | |
3 total
» buildings
| Altar of Elders | 1 | |
| Moon Well | 5 | |
| Hunter's Hall | 1 | |
| Ancient of War | 2 | |
| Tree of Ages | 1 | |
| Ancient of Wind | 2 | |
| Ancient of Lore | 3 | |
15 total
» build order
00:06 Altar of Elders
00:19 Moon Well
01:42 Hunter's Hall
01:49 Ancient of War
02:04 Moon Well
02:24 Ancient of War
03:11 Moon Well
04:52 Moon Well
04:55 Tree of Ages
07:04 Moon Well
07:39 Ancient of Wind
08:00 Ancient of Lore
08:04 Ancient of Lore
08:42 Ancient of Wind
08:47 Ancient of Lore
» items
Chat log
(00:05 / All) HoneyBlunt: gl hf
(00:09 / All) KODOS_FORSAKEN: STFU
(00:17 / Allies) KODOS_FORSAKEN: going mk
(00:29 / Allies) 418: hey kenny
(00:32 / Allies) WELLDONECOMRADE: sup
(00:34 / Allies) 418: didnt see you were with us
(00:51 / Allies) WELLDONECOMRADE: yeah
(01:03 / Allies) MUGARO: potm on bottom kotg on top?
(01:07 / Allies) KODOS_FORSAKEN: k
(01:08 / Allies) 418: ill kotg
(01:14 / Allies) KODOS_FORSAKEN: pot
(01:15 / Allies) WELLDONECOMRADE: i gues sim potm them
(01:16 / Allies) WELLDONECOMRADE: then*
(01:17 / Allies) KODOS_FORSAKEN: potmm for ud
(01:19 / Allies) KODOS_FORSAKEN: on bottem
(01:24 / Allies) MUGARO: doesnt matter i guess
(01:29 / Allies) MUGARO: its not like im going to be w/them muc
(01:41 / Allies) MUGARO: i lol'd @ honeycunt
(01:53 / Allies) MUGARO: i thought honeytard was the best name
(01:56 / Allies) KODOS_FORSAKEN: chance to rape the forum outcast
(01:57 / Allies) MUGARO: or honeybuns
(02:44 / Allies) MUGARO: when we win someone switch names and we rape them again?
(02:50 / Allies) KODOS_FORSAKEN: ill siwtch
(02:51 / Allies) KODOS_FORSAKEN: idc
(03:13 / Allies) MUGARO: wood
(04:40 / Allies) MUGARO: clear
(05:20 / Allies) KODOS_FORSAKEN: ?
(05:25 / Allies) WELLDONECOMRADE: waiting for them
(05:54 / Allies) KODOS_FORSAKEN: chck
(06:22 / Allies) MUGARO: gold/wood
(06:25 / Allies) KODOS_FORSAKEN: maybe
(06:36 / Allies) MUGARO: w
(07:06 / Allies) KODOS_FORSAKEN: b
(07:07 / Allies) KODOS_FORSAKEN: to tomn
(07:10 / Allies) MUGARO: wood
(07:19 / Allies) KODOS_FORSAKEN: b
(07:21 / Allies) KODOS_FORSAKEN: 4
(08:28 / Allies) KODOS_FORSAKEN: 3
(08:29 / Allies) KODOS_FORSAKEN: ol
(08:39 / Allies) KODOS_FORSAKEN: i got
(08:50 / Allies) MUGARO: wood
(08:50 / Allies) MUGARO: im tier3
(08:51 / Allies) MUGARO: wood
(09:06 / Allies) MUGARO: gold too
(09:34 / Allies) MUGARO: i come to aids
(09:40 / Allies) MUGARO: actually i figh tthis elf
(09:58 / Allies) KODOS_FORSAKEN: they running 1 on 2
(10:01 / Allies) MUGARO: now i come to aids
(10:06 / Allies) MUGARO: fight
(10:10 / Allies) KODOS_FORSAKEN: tc
(10:27 / All) KODOS_FORSAKEN: lol honeycunt no tp
(10:31 / All) MUGARO: close game
(10:38 / Allies) WELLDONECOMRADE: my bad
(11:36 / Allies) KODOS_FORSAKEN: dk
(11:43 / Allies) MUGARO: towered asshole
(12:30 / All) HoneyBlunt: gg